 Dungeon Crawl Stone Soup version 0.29.0-11-gd7f09526c8 (webtiles) character file.

Game seed: 4899302180219396501

11911 sanka the Severer (level 11, -8/148 HPs)
             Began as a Minotaur Berserker on Sept 6, 2022.
             Was a High Priest of Trog.
             Mangled by Rupert
             ... wielding a +3 vorpal great mace
              (30 damage)
             ... on level 12 of the Dungeon.
             The game lasted 00:13:05 (10295 turns).

sanka the Severer (Minotaur Berserker)             Turns: 10295, Time: 00:13:05

Health: -8/148     AC: 21    Str: 24    XL:     11   Next: 55%
Magic:  10/10      EV: 13    Int:  9    God:    Trog [*****.]
Gold:   778        SH:  0    Dex: 12    Spells: 10/10 levels left

rFire   . . .      SeeInvis .   a - +3 war axe "Isiole" {speed, Drain rC+ rCorr Int+3}
rCold   + . .      Faith    .   (no shield)
rNeg    . . .      Spirit   .   J - +6 scale mail of Oblivion {Regen+ Int+2}
rPois   .          Reflect  .   (helmet restricted)
rElec   .          Harm     .   r - +0 cloak {Stlth+}
rCorr   +          Rampage  .   I - +0 pair of gloves
Will    ++...                   (no boots)
Stlth   ..........              o - amulet of regeneration
HPRegen 2.94/turn               G - +4 ring of protection
MPRegen 0.12/turn               b - ring of resist corrosion

@: berserking, strong-willed, regenerating, very quick
A: horns 2, retaliatory headbutt
a: Renounce Religion, Berserk, Trog's Hand, Brothers in Arms


You were on level 12 of the Dungeon.
You worshipped Trog.
Trog was extremely pleased with you.
You visited 1 branch of the dungeon, and saw 12 of its levels.
You also visited: Sewer.

You collected 778 gold pieces.


Innate Abilities, Weirdness & Mutations

You have a pair of horns on your head.
You reflexively headbutt those who attack you in melee.


   Skills:
 + Level 9.8 Fighting
 - Level 16.0 Axes
 + Level 9.3 Armour
 + Level 8.5 Dodging


You had 10 spell levels left.
You didn't know any spells.
Your spell library was empty.

Inventory:

Hand Weapons
 a - the +3 war axe "Isiole" (weapon) {speed, Drain rC+ rCorr Int+3} Attacks with this weapon are significantly faster. Int: It affects your intelligence (+3). rC: It protects you from cold. rCorr: It protects you from acid and corrosion. Drain: It drains your maximum health when unequipped.
 K - a +2 dagger of distortion
Armour
 r - a +0 cloak of stealth (worn)
 C - a +0 plate armour
 I - a +0 pair of gloves (worn)
 J - the +6 scale mail of Oblivion (worn) {Regen+ Int+2}

   Int:       It affects your intelligence (+2).
   Regen:     It increases your rate of health regeneration.
 Q - a +1 chain mail of fire resistance
 T - +0 shadow dragon scales
Jewellery
 b - a ring of resist corrosion (right hand)
 o - an amulet of regeneration (around neck)
 G - a +4 ring of protection (left hand)
 H - a ring of poison resistance
 N - a ring of positive energy
Wands
 h - a wand of polymorph (2)
 B - a wand of mindburst (30)
 E - a wand of light (6)
 L - a wand of roots (9)
 O - a wand of paralysis (2)
Scrolls
 c - a scroll of enchant weapon
 e - 4 scrolls of blinking
 i - a scroll of fog
 l - 3 scrolls of immolation {!r}
 m - 3 scrolls of poison {!r}
 p - 7 scrolls of teleportation {@r4}
 s - a scroll of summoning
 u - 2 scrolls of torment {!r}
 y - 2 scrolls of vulnerability {!r}
 D - a scroll of enchant armour
 F - 4 scrolls of noise {!r}
 P - a scroll of fear
 U - a scroll of magic mapping {unknown}
Potions
 d - 3 potions of berserk rage {unknown}
 f - 2 potions of ambrosia
 g - a potion of mutation {unknown}
 j - 5 potions of brilliance {unknown}
 k - 6 potions of might
 n - 13 potions of degeneration {!q}
 q - 3 potions of flight {unknown}
 t - 2 potions of attraction {unknown}
 v - 4 potions of heal wounds {unknown}
 w - a potion of magic {unknown}
 x - 2 potions of resistance {unknown}
 z - a potion of invisibility {unknown}
 A - a potion of lignification {unknown}
 M - 2 potions of haste {unknown}
 S - 8 potions of curing {unknown}

Dungeon Overview and Level Annotations

Branches:
Dungeon (12/15)            Temple (0/1) D:6            Lair (0/5) D:8
    Orc (0/2) D:9           Sewer (visited)

Altars:
Ashenzari
Dithmenos
Elyvilon
Gozag
Nemelex Xobeh
Qazlal
Sif Muna

Annotations:
D:10 2 transporters, DevastatorOne's ghost, journeyman FoFE
D:12 Rupert

.. ▒.... ...
▒....▒▒▒▒▒+▒▒▒▒▒...
...................
........!......▒ .
...............▒ )..
▒............▒
....▒▒...@.)......▒
...£....H..~......▒
............~.....▒
..................▒
.▒▒▒▒▒............▒
▒............▒▒
▒....£........▒
▒.............▒▒ ▒▒▒
▒▒▒▒▒▒▒▒▒▒..▒..▒▒▒..
.............▒


You could see Rupert (berserk).


Message History

Rupert is moderately wounded.
You slash the komodo dragon!
Rupert hits you with a +3 vorpal great mace!
* * * LOW HITPOINT WARNING * * *
* * * LOW HITPOINT WARNING * * *
You slice Rupert!! You headbutt Rupert!
Rupert is heavily wounded.
You slash the komodo dragon!
You kill the komodo dragon!
Trog accepts your kill.
Unknown command.
You closely miss Rupert. You headbutt Rupert!
Rupert is heavily wounded.
Rupert hits you with a +3 vorpal great mace!!
* * * LOW HITPOINT WARNING * * *
* * * LOW HITPOINT WARNING * * *
You hit Rupert. You headbutt Rupert.
Rupert is heavily wounded.
Unknown command.
You slash Rupert!
Rupert is severely wounded.
Unknown command.
You slash Rupert! You headbutt Rupert!
Rupert is severely wounded.
Rupert hits you with a +3 vorpal great mace!!
You die...

Action                   |  1- 3 |  4- 6 |  7- 9 | 10-12 || total
-------------------------+-------+-------+-------+-------++-------
Melee: Hand axe          |    50 |   144 |   170 |       ||   364
       Headbutt          |     7 |    21 |    43 |    53 ||   124
       Punch             |       |       |     2 |     6 ||     8
       War axe           |       |       |   150 |   285 ||   435
       Unarmed           |       |       |     6 |       ||     6
Invok: Berserk           |     1 |     1 |     1 |     4 ||     7
       Trog's Hand       |       |       |       |     2 ||     2
Evoke: Wand              |       |       |     1 |       ||     1
  Use: Scroll            |       |       |       |    12 ||    12
 Stab: Sleeping          |       |     5 |       |       ||     5
Armor: Animal skin       |     6 |     4 |       |       ||    10
       Chain mail        |       |    43 |    52 |       ||    95
       Plate armour      |       |       |    45 |       ||    45
       Scale mail        |       |       |     7 |    98 ||   105
       Skin              |       |       |     2 |       ||     2
Dodge: Dodged            |    38 |    46 |    94 |   129 ||   307

Levels and vault maps discovered:
D:1:      noname_arrival_rooms_in_the_neighbourhood, layout_basic,
          serial_park_tiny_1
D:2:      layout_loops_cross, kennysheep_generic_room_6,
          uniq_crazy_yiuf_cottage, uniq_sigmund
D:3:      layout_basic, nicolae_overflow_hallway_of_the_gods,
          basic_ecumenical_altar, serial_corexii_hall,
          corexii_hall_statues_deadend, corexii_hall_statues_l,
          chequers_hall_statues_wall_a, chequers_hall_statues_y,
          corexii_hall_statues_t, corexii_hall_statues_x
D:4:      layout_cave_pools, gup_sewer_entry_spiral, minmay_gold_behind_fungi,
          chequers_serial_rivers_micro_e
D:5:      layout_gridville, mainiacjoe_overflow_concentric_impassable
D:6:      layout_basic, minmay_temple_entry_enclosed_plants
D:7:      layout_loops_ring, uniq_menkaure
D:8:      layout_loops_ring, lair_entry_dummy, uniq_psyche
D:9:      layout_small_grid, erik_orc_1
D:10:     layout_grid_maze, gammafunk_ghost_hive, uniq_erolcha, uniq_maurice
D:11:     layout_loops_ring
D:12:     layout_basic, uniq_rupert, uniq_fannar, uniq_urug

Notes
Turn   | Place    | Note
-------+----------+-------------------------------------------
     0 | D:1      | sanka the Minotaur Berserker began the quest for the Orb.
     0 | D:1      | Reached XP level 1. HP: 19/19 MP: 0/0
   771 | D:1      | Reached skill level 4 in Axes
  1070 | D:1      | Reached XP level 2. HP: 26/26 MP: 1/1
  1417 | D:2      | Reached skill level 5 in Axes
  1566 | D:2      | Noticed Sigmund
  1574 | D:2      | Reached XP level 3. HP: 25/31 MP: 2/2
  1575 | D:2      | Killed Sigmund
  1576 | D:2      | Reached skill level 7 in Axes
  1576 | D:2      | Reached XP level 4. HP: 32/39 MP: 3/3
  1576 | D:2      | Reached XP level 5. HP: 37/45 MP: 4/4
  1963 | D:2      | Found a runed translucent door.
  1964 | D:2      | Noticed Crazy Yiuf
  2258 | D:2      | Killed Crazy Yiuf
  2363 | D:3      | Found a faded altar of an unknown god.
  2402 | D:3      | Identified the +2 flail "Xeg Kuhuwkik" {pain, rN+}
  2723 | D:3      | Found an opulent altar of Gozag.
  2723 | D:3      | Found a shimmering blue altar of Sif Muna.
  2730 | D:3      | Found a stormy altar of Qazlal.
  2733 | D:3      | Found a shadowy altar of Dithmenos.
  2735 | D:3      | Found a white marble altar of Elyvilon.
  2740 | D:3      | Found a sparkling altar of Nemelex Xobeh.
  3036 | D:3      | Reached ** piety under Trog
  3037 | D:3      | Reached skill level 8 in Axes
  3437 | D:4      | Reached XP level 6. HP: 51/51 MP: 5/5
  3633 | D:4      | Found a glowing drain.
  3637 | Sewer    | Entered a sewer
  3735 | Sewer    | Reached skill level 9 in Axes
  3987 | Sewer    | Reached XP level 7. HP: 57/57 MP: 6/6
  4089 | Sewer    | Reached skill level 10 in Axes
  4192 | Sewer    | Reached *** piety under Trog
  4635 | D:5      | Entered Level 5 of the Dungeon
  4665 | D:5      | Reached skill level 11 in Axes
  4895 | D:5      | Reached XP level 8. HP: 64/64 MP: 7/7
  5189 | D:5      | Reached skill level 12 in Axes
  5360 | D:5      | Found a broken altar of Ashenzari.
  5673 | D:6      | Identified the +3 war axe "Isiole" {speed, Drain rC+ rCorr
                  | Int+3}
  5783 | D:6      | Reached skill level 13 in Axes
  5783 | D:6      | Noticed a two-headed ogre
  5856 | D:6      | Killed a two-headed ogre
  5857 | D:6      | Reached skill level 14 in Axes
  5857 | D:6      | Reached XP level 9. HP: 70/70 MP: 8/8
  6240 | D:6      | Found a staircase to the Ecumenical Temple.
  6409 | D:7      | Reached skill level 15 in Axes
  6486 | D:7      | Reached **** piety under Trog
  6652 | D:7      | Reached skill level 16 in Axes
  6830 | D:7      | Noticed Menkaure
  6836 | D:7      | Killed Menkaure
  6837 | D:7      | Reached skill level 4 in Fighting
  6849 | D:7      | Identified the +6 scale mail of Oblivion {Regen+ Int+2}
  6867 | D:7      | Reached skill level 3 in Armour
  7083 | D:8      | Reached skill level 3 in Dodging
  7165 | D:8      | Noticed Psyche
  7190 | D:8      | Killed Psyche
  7191 | D:8      | Reached skill level 5 in Fighting
  7191 | D:8      | Reached skill level 4 in Armour
  7516 | D:8      | Found a staircase to the Lair.
  7797 | D:9      | Reached skill level 4 in Dodging
  7797 | D:9      | Reached XP level 10. HP: 81/81 MP: 9/9
  7858 | D:9      | Noticed a two-headed ogre
  7865 | D:9      | Killed a two-headed ogre
  7866 | D:9      | Reached skill level 5 in Armour
  7937 | D:9      | Reached skill level 6 in Fighting
  8002 | D:9      | Reached skill level 5 in Dodging
  8083 | D:9      | Reached skill level 6 in Armour
  8112 | D:9      | Reached skill level 7 in Fighting
  8116 | D:9      | Reached ***** piety under Trog
  8438 | D:9      | Found a staircase to the Orcish Mines.
  8512 | D:10     | Entered Level 10 of the Dungeon
  8545 | D:10     | Reached skill level 6 in Dodging
  8583 | D:10     | Reached skill level 7 in Armour
  8672 | D:10     | Noticed Erolcha
  8680 | D:10     | Killed Erolcha
  8681 | D:10     | Reached skill level 8 in Fighting
  8833 | D:10     | Reached XP level 11. HP: 91/94 MP: 10/10
  8836 | D:10     | Reached skill level 7 in Dodging
  8925 | D:10     | Noticed Maurice
  8951 | D:10     | Killed Maurice
  8952 | D:10     | Reached skill level 8 in Armour
  9125 | D:10     | Noticed DevastatorOne's ghost (journeyman FoFE)
  9165 | D:10     | Found a transporter.
  9167 | D:10     | Found a transporter.
  9251 | D:10     | Paralysed by a hornet for 3 turns
  9444 | D:10     | Identified +0 shadow dragon scales
  9595 | D:11     | Reached skill level 9 in Fighting
  9854 | D:11     | Reached skill level 8 in Dodging
  9989 | D:11     | Noticed a boulder beetle
 10006 | D:11     | Killed a boulder beetle
 10007 | D:11     | Reached skill level 9 in Armour
 10266 | D:12     | Noticed Urug
 10267 | D:12     | Noticed Rupert
 10283 | D:12     | Killed Urug
 10295 | D:12     | Mangled by Rupert

Vanquished Creatures
  A boulder beetle (D:11)
  Erolcha (D:10)
  2 two-headed ogres
  Urug (D:12)
  A cyclops (D:11)
  Maurice (D:10)
  A komodo dragon (shapeshifter) (D:12)
  Psyche (D:8)
  2 hornets
  Sigmund (D:2)
  A vampire (D:10)
  2 wyverns
  9 yaks (D:10)
  7 vampire mosquitoes
  Menkaure (D:7)
  2 acid dragons
  3 orc warriors
  3 ice beasts
  2 sky beasts
  2 ogres
  A centaur (D:12)
  A phantom (D:5)
  6 kobold brigands
  2 bullfrogs (D:7)
  A gnoll sergeant (D:9)
  3 necrophages
  4 scorpions
  5 wights (D:7)
  13 killer bees (D:9)
  11 howler monkeys
  Crazy Yiuf (D:2)
  2 orc priests
  A gnoll bouda (D:9)
  5 iguanas
  10 orc wizards
  8 gnolls (D:9)
  15 adders
  5 shadow imps
  3 white imps
  An ufetubus (D:7)
  7 worms
  27 orcs
  9 ball pythons
  13 endoplasms
  3 giant cockroaches
  3 goblins
  5 hobgoblins
  3 jackals (D:5)
  20 kobolds
  3 quokkas
  3 bats
  4 frilled lizards
  8 rats
  A toadstool (D:4)
251 creatures vanquished.

Vanquished Creatures (others)
  A swamp drake (D:9)
  2 fungi (D:4)
  4 toadstools (D:4)
7 creatures vanquished.

Grand Total: 258 creatures vanquished
